 Dungeon Crawl Stone Soup version 0.30-a0-371-gad7725a93e (webtiles) character file.

Game seed: 9341548805745958431

59970 equiv the Carver (level 14, -3/122 HPs)
             Began as a Demigod Warper on Nov 20, 2022.
             Killed from afar by an electric eel (5 damage)
             ... with a bolt of electricity
             ... on level 3 of the Lair of Beasts on Nov 21, 2022.
             The game lasted 03:16:02 (25652 turns).

equiv the Carver (Demigod Warper)                  Turns: 25652, Time: 03:16:03

Health: -3/122     AC: 17    Str: 16    XL:     14   Next: 19%
Magic:  0/22       EV: 15    Int: 15    God:
Gold:   2255       SH: 15    Dex: 25    Spells: 14/19 levels left

rFire   . . .      SeeInvis .    Y - +1 scimitar (flame)
rCold   . . .      Faith    .    i - +1 kite shield
rNeg    . . .      Spirit   +    m - +0 troll leather armour
rPois   .          Reflect  .    T - +1 helmet
rElec   .          Harm     .    y - +2 cloak
rCorr   .          Rampage  .    E - +2 pair of gloves
Will    +++..      Clarity  +    (no boots)
Stlth   ++........               G - amulet of guardian spirit
HPRegen 1.20/turn                w - ring of willpower
MPRegen 0.18/turn                g - +4 ring of protection

@: no status effects
A: high MP 1, forlorn, divine attributes, clarity, strong-willed 1
a: no special abilities


You were on level 3 of the Lair of Beasts.
You visited 6 branches of the dungeon, and saw 23 of its levels.
You also visited: Ice Cave.

You collected 2255 gold pieces.

Inventory:

Hand Weapons
 b - the +8 frozen axe "Frostbite" {freezing cloud, *Noise Fly rC+}
   (You found it in an ice cave)

   It freezes those it strikes, dealing additional cold damage.
   It can also slow down cold-blooded creatures.
   It occasionally leaves clouds of freezing vapour upon striking a foe.
   It grants immunity to clouds of freezing vapour.
   rC:        It protects you from cold.
   Fly:       It grants you flight.
   *Noise:    It may make noises in combat.
 t - a +0 battleaxe
 H - a +3 long sword of venom
 L - a +1 arbalest of draining
 O - a +2 flail of distortion
 Q - a +0 scimitar
 U - a +0 shortbow of flaming
 Y - a +1 scimitar of flaming (weapon)
Missiles
 d - 12 boomerangs of dispersal
 f - a boomerang
 C - 4 curare-tipped darts
 P - 23 poisoned darts (quivered)
Armour
 i - a +1 kite shield (worn)
 m - a +0 troll leather armour (worn)
 y - a +2 cloak (worn)
 B - the +2 ring mail of Ceunuoss {rN+++ Will- Dex+4 SInv}
   (You found it on level 4 of the Dungeon)

   Dex:       It affects your dexterity (+4).
   rN:        It renders you almost immune to negative energy.
   SInv:      It lets you see invisible.
   Will:      It decreases your willpower.
 E - a +2 pair of gloves (worn)
 T - a +1 helmet (worn)
Jewellery
 g - a +4 ring of protection (right hand)
 n - a ring of protection from fire
 o - a ring of willpower
 w - a ring of willpower (left hand)
 G - an amulet of guardian spirit (around neck)
 K - a ring of see invisible
 R - a +4 ring of protection
 Z - a ring of protection from cold
Wands
 s - a wand of iceblast (22)
 F - a wand of paralysis (24)
 M - a wand of flame (21)
 N - a wand of acid (8)
 S - a wand of mindburst (5)
Scrolls
 c - 2 scrolls of fog
 h - 4 scrolls of teleportation
 u - 3 scrolls of poison {unknown}
 v - 2 scrolls of immolation
 z - 4 scrolls of magic mapping
 D - a scroll of enchant weapon
 I - 3 scrolls of identify
 W - a scroll of brand weapon {unknown}
Potions
 a - 4 potions of heal wounds
 e - 5 potions of cancellation
 j - a potion of might
 k - 4 potions of curing
 l - a potion of resistance
 p - a potion of berserk rage
 q - a potion of haste {unknown}
 r - 4 potions of flight
 x - 2 potions of magic
 A - a potion of invisibility {unknown}
 J - 2 potions of ambrosia
 X - a potion of brilliance {unknown}


   Skills:
 + Level 10.9 Fighting
 - Level 14.0 Long Blades
 - Level 2.4 Maces & Flails
 - Level 0.6 Polearms
 + Level 2.9 Throwing
 + Level 5.3 Armour
 + Level 5.6 Dodging
 - Level 10.5 Shields
 + Level 3.3 Spellcasting
 + Level 5.3 Translocations
 - Level 7.7 Evocations


You had 14 spell levels left.
You knew the following spells:

 Your Spells              Type           Power      Damage    Failure   Level
a - Blink                 Tloc           36%        N/A       9%          2
b - Lesser Beckoning      Tloc           36%        N/A       17%         3

Your spell library contained the following spells:

 Spells                   Type           Power      Damage    Failure   Level
 Teleport Other           Tloc           18%        N/A       17%         3
 Freeze                   Ice            8%         1d3       45%         1
 Vhi's Electric Charge    Tloc/Air       20%        N/A       45%         3
 Manifold Assault         Tloc           18%        N/A       50%         4
 Passage of Golubria      Tloc           18%        N/A       50%         4
 Ensorcelled Hibernation  Hex/Ice        4%         N/A       58%         2
 Static Discharge         Conj/Air       4%         2-3/arc   58%         2
 Frozen Ramparts          Ice            4%         1d1       83%         3
 Hailstorm                Conj/Ice       2%         3d3       83%         3
 Ignite Poison            Fire/Tmut/Pois 2%         N/A       83%         3
 Inner Flame              Hex/Fire       2%         N/A       83%         3
 Spider Form              Tmut/Pois      2%         N/A       83%         3
 Tukima's Dance           Hex            2%         N/A       83%         3
 Anguish                  Hex/Necr       1%         N/A       99%         4
 Cause Fear               Hex            1%         N/A       99%         4
 Sticky Flame             Conj/Fire      2%         2d3       99%         4
 Summon Forest            Summ/Tloc      5%         N/A       99%         5
 Arcjolt                  Conj/Air       1%         1d11      100%        5
 Blade Hands              Tmut           1%         N/A       100%        5
 Irradiate                Conj/Tmut      1%         3d12      100%        5
 Lightning Bolt           Conj/Air       1%         1d12      100%        5
 Summon Mana Viper        Hex/Summ       2%         N/A       100%        5
 Yara's Violent Unravell  Hex/Tmut       1%         3d3       100%        5
 Summon Cactus Giant      Summ           1%         N/A       100%        6
 Dragon Form              Tmut           1%         N/A       100%        7
 Discord                  Hex            1%         N/A       100%        8
 Ignition                 Fire           1%         3d3       100%        8


Dungeon Overview and Level Annotations

Branches:
Dungeon (14/15)            Temple (1/1) D:5            Lair (4/5) D:10
  Swamp (0/4) Lair:2       Spider (1/4) Lair:3        Slime (0/5) Lair:4
    Orc (2/2) D:12            Elf (1/3) Orc:2         IceCv (visited)
 Vaults: D:13-14

Shops:
D:8 (   D:12 *   Orc:2 *

Portals:
Trove: D:10 (show slimy rune of Zot)

Annotations:
D:3 3 runed translucent doors, Sweetruy1997's ghost, amateur HOMo; bande's ghost, amateur GrFi; bigduke15's ghost, amateur KoHu
D:12 exclusions: oklob plant and oklob sapling
Lair:3 Josephine
Orc:2 1 runed translucent door, Bediveer's ghost, journeyman TrTm


Innate Abilities, Weirdness & Mutations

You have an increased reservoir of magic. (+10% MP)
You shall have no god before yourself.
Your divine heritage dramatically boosts your attributes as you level up.
You possess an exceptional clarity of mind.
You are strong-willed. (Will+)


Message History

You slash the black bear! You burn the black bear.
You kill the black bear!
The electric eel shoots out a bolt of lightning at you!
The bolt of electricity hits you. x2
The bolt of electricity hits the electric eel.
The electric eel completely resists.
You barely miss the electric eel. You hit the electric eel.
You burn the electric eel.
The electric eel is heavily wounded.
The electric eel shoots out a bolt of lightning at you!
The bolt of electricity hits you.
You hit the electric eel. You burn the electric eel.
The electric eel is heavily wounded.
The electric eel shoots out a bolt of lightning at you!
The bolt of electricity hits you. The bolt of electricity hits you!
The bolt of electricity hits the electric eel.
The electric eel completely resists.
The electric eel shoots out a bolt of lightning at you!
The bolt of electricity hits you.
The electric eel shoots out a bolt of lightning at you!
The bolt of electricity hits you but does no damage.
The electric eel shoots out a bolt of lightning at you!
The bolt of electricity hits you!
* * * LOW HITPOINT WARNING * * *
You see here a yak corpse.
The electric eel shoots out a bolt of lightning at you!
The bolt of electricity hits you!
* * * LOW HITPOINT WARNING * * *
The electric eel shoots out a bolt of lightning at you!
The bolt of electricity hits you!
* * * LOW HITPOINT WARNING * * *
The electric eel shoots out a bolt of lightning at you!
The bolt of electricity hits you!
* * * LOW HITPOINT WARNING * * *
The electric eel shoots out a bolt of lightning at you!
The bolt of electricity hits you!
* * * LOW HITPOINT WARNING * * *
The electric eel shoots out a bolt of lightning at you!
The bolt of electricity hits you.
You die...

##†..#......~~~~~~~P≈~
#†...##.(...~SS~~~~~~~
....###......#.#♣
..### #.....# .##
#....#†## ..#
#....#.†#
..########..##..#
###..~~~.~.####.##
##.~~~~~~~~.....@#
#...~~≈≈≈~~....#.##
##~~≈≈≈≈≈≈~~.~##..##
#..~≈~~S.~≈≈~##....#
#~~≈≈.<.~≈~.###...#
#~.~≈~~.~≈~~..##...#
#~~~≈~~~~~≈~.#.##..#
##.~≈~~~≈~≈~.# #..###
#.~~~~~~≈~.~..#
#..#.####


You could see 2 electric eels.

Vanquished Creatures
  A white draconian (IceCv)
  5 hydras
  Fannar (Lair:1)
  5 two-headed ogres
  3 centaur warriors
  An ogre mage (D:13)
  2 boulder beetles
  2 death yaks (D:11)
  An orc high priest (Orc:2)
  Sonja (Lair:2)
  A fire crab (shapeshifter) (D:12)
  3 skeletal warriors (D:13)
  4 orc knights
  A lindwurm (Lair:3)
  A deep elf archer (D:13)
  A deep elf pyromancer (D:11)
  3 cyclopes
  An orc sorcerer (Orc:2)
  An ugly thing (D:13)
  4 elephants (Lair:2)
  4 manticores
  Maurice (D:10)
  2 ice statues (IceCv)
  2 black mambas
  7 cane toads
  2 gargoyles (D:13)
  5 rime drakes
  2 unseen horrors
  2 kobold demonologists (D:11)
  An efreet (D:13)
  5 komodo dragons
  10 trolls
  A polar bear (Lair:4)
  5 hornets
  11 saltlings (Orc:2)
  3 slime creatures (D:12)
  2 centaur simulacra (D:11)
  Sigmund (D:3)
  2 culicivoras (Lair:3)
  A shadow (D:10)
  3 vampires
  3 jumping spiders (Lair:3)
  45 yaks
  6 spriggans
  A water elemental (D:11)
  A wraith (D:11)
  2 wyverns
  Grum (D:10)
  3 redbacks (Lair:3)
  5 vampire mosquitoes (D:12)
  A steam dragon (D:9)
  3 basilisks
  2 acid dragons (D:12)
  5 wargs
  14 water moccasins
  Duvessa (D:6)
  A meliai simulacrum (D:11)
  13 orc warriors
  2 ice beasts
  4 black bears
  19 wolves
  3 ogres
  10 centaurs
  2 phantoms
  6 kobold brigands
  Blork the orc (D:6)
  15 bullfrogs
  4 scorpions
  11 wights
  Dowan (D:6)
  5 killer bees (D:9)
  A lindwurm simulacrum (IceCv)
  An electric eel (D:11)
  8 howler monkeys
  17 jellies
  7 komodo dragon simulacra (IceCv)
  7 orc priests
  4 hounds
  5 iguanas
  8 orc wizards
  Robin (D:3)
  3 gnolls (D:5)
  5 acid dragon simulacra (IceCv)
  11 adders
  A shadow imp (D:6)
  3 white imps
  3 ufetubi
  7 steam dragon simulacra (IceCv)
  3 worms
  4 dart slugs
  37 orcs
  11 ball pythons
  3 bats
  4 endoplasms
  16 goblins
  10 hobgoblins
  3 jackals (D:1)
  3 quokkas
  22 kobolds
  7 rats
  27 pillars of salt (Orc:2)
546 creatures vanquished.

Vanquished Creatures (collateral kills)
  A warg (Orc:1)
  An orc priest (Orc:1)
  2 orcs
4 creatures vanquished.

Vanquished Creatures (others)
  39 fungi
  78 plants
117 creatures vanquished.

Grand Total: 667 creatures vanquished

Notes
Turn   | Place    | Note
-------+----------+-------------------------------------------
     0 | D:1      | equiv the Demigod Warper began the quest for the Orb.
     0 | D:1      | Reached XP level 1. HP: 17/17 MP: 5/5
    45 | D:1      | Reached skill level 1 in Armour
   203 | D:1      | Reached skill level 2 in Long Blades
   343 | D:1      | You fall into a shaft and drop 1 floor!
   416 | D:2      | Reached XP level 2. HP: 22/24 MP: 7/7
  1040 | D:2      | Reached skill level 1 in Throwing
  1040 | D:2      | Reached skill level 1 in Shields
  1040 | D:2      | Reached XP level 3. HP: 24/29 MP: 8/8
  1465 | D:3      | HP: 1/29 [something/puff of flame (3)]
  1621 | D:3      | Noticed Sigmund
  1994 | D:3      | Learned a level 2 spell: Blink
  2044 | D:3      | Reached XP level 4. HP: 36/36 MP: 9/9
  2285 | D:3      | Found a runed translucent gate.
  2285 | D:3      | Found a runed translucent gate.
  2285 | D:3      | Found a runed translucent gate.
  2286 | D:3      | Noticed Sweetruy1997's ghost (amateur HOMo)
  2286 | D:3      | Noticed bande's ghost (amateur GrFi)
  2286 | D:3      | Noticed bigduke15's ghost (amateur KoHu)
  3023 | D:4      | Reached skill level 3 in Long Blades
  3042 | D:4      | Identified the +2 ring mail of Ceunuoss {rN+++ Will- Dex+4
                  | SInv}
  3138 | D:4      | Reached XP level 5. HP: 30/42 MP: 10/10
  3380 | D:4      | Reached skill level 1 in Evocations
  3535 | D:5      | Entered Level 5 of the Dungeon
  3549 | D:5      | Reached XP level 6. HP: 50/50 MP: 11/11
  3626 | D:6      | Reached skill level 4 in Long Blades
  4079 | D:6      | Reached XP level 7. HP: 44/57 MP: 12/12
  4133 | D:6      | Noticed Blork the orc
  4143 | D:6      | Killed Blork the orc
  4296 | D:6      | Noticed Duvessa
  4299 | D:6      | Noticed Dowan
  4571 | D:6      | Reached skill level 5 in Long Blades
  4747 | D:6      | Killed Dowan
  4748 | D:6      | Killed Duvessa
  5066 | D:6      | Reached XP level 8. HP: 52/66 MP: 13/13
  5152 | D:6      | Reached skill level 5 in Shields
  5566 | D:7      | Noticed a hornet
  5778 | D:5      | Reached skill level 6 in Long Blades
  6179 | D:5      | Found a staircase to the Ecumenical Temple.
  6186 | Temple   | Entered the Ecumenical Temple
  6733 | D:3      | Noticed Robin
  6754 | D:3      | Killed Robin
  6851 | D:3      | Killed Sigmund
  7443 | D:7      | Paralysed by a hornet for 2 turns
  7447 | D:7      | Killed a hornet
  7448 | D:7      | Reached XP level 9. HP: 61/73 MP: 14/14
  7708 | D:7      | Identified the +1 scale mail of Monotheism {rElec rPois}
  7808 | D:7      | Reached skill level 5 in Fighting
  7808 | D:7      | Reached skill level 7 in Long Blades
  8198 | D:8      | Noticed a two-headed ogre
  8208 | D:8      | Killed a two-headed ogre
  8209 | D:8      | Reached skill level 1 in Maces & Flails
  8502 | D:8      | Found Litaeclopaw's Antique Weapon Boutique.
  9088 | D:9      | Noticed an unseen horror
  9113 | D:9      | Killed an unseen horror
  9345 | D:9      | Reached skill level 8 in Long Blades
  9345 | D:9      | Reached XP level 10. HP: 73/83 MP: 15/15
  9430 | D:9      | Identified the +3 ring mail of Temperance {*Corrode rC-
                  | Int+5 SInv}
  9632 | D:10     | Entered Level 10 of the Dungeon
  9639 | D:10     | Reached skill level 5 in Evocations
 10074 | D:10     | Found a staircase to the Lair.
 10082 | D:10     | Reached skill level 9 in Long Blades
 10091 | D:10     | Gained mutation: You are weak. (Str -2) [potion of
                  | mutation]
 10091 | D:10     | Gained mutation: You sometimes lose your temper in combat.
                  | [potion of mutation]
 10092 | D:10     | Lost mutation: You sometimes lose your temper in combat.
                  | [potion of mutation]
 10092 | D:10     | Lost mutation: You are weak. (Str -2) [potion of mutation]
 10092 | D:10     | Gained mutation: Your muscles are strong. (Str +4, Int/Dex
                  | -1) [potion of mutation]
 10092 | D:10     | Gained mutation: You passively dampen the noise of your
                  | surroundings. [potion of mutation]
 10102 | Lair:1   | Entered Level 1 of the Lair of Beasts
 10113 | Lair:1   | Noticed Fannar
 10140 | D:10     | Found a portal to a secret trove of treasure.
 10166 | D:10     | Noticed Maurice
 10389 | D:10     | Noticed Grum
 10555 | D:10     | Killed Maurice
 10827 | D:10     | Killed Grum
 10895 | D:11     | Found a frozen archway.
 10907 | D:11     | Noticed a sun demon
 10918 | D:11     | Noticed a sixfirhy
 10933 | D:11     | Reached XP level 11. HP: 55/91 MP: 17/17
 10949 | D:11     | Noticed a deep elf pyromancer
 10952 | IceCv    | Entered an ice cave
 12684 | IceCv    | Noticed a white draconian
 12704 | IceCv    | Killed a white draconian
 12711 | IceCv    | Found the +8 frozen axe "Frostbite" {freezing cloud, *Noise
                  | Fly rC+}
 13212 | D:11     | Killed a deep elf pyromancer
 13213 | D:11     | Reached skill level 10 in Long Blades
 13326 | D:11     | Noticed a death yak
 13528 | D:11     | Killed a death yak
 13872 | D:11     | Noticed a death yak
 13892 | D:11     | Killed a death yak
 14120 | D:11     | Reached skill level 10 in Shields
 14542 | D:12     | Noticed a centaur warrior
 14609 | D:12     | Killed a centaur warrior
 14910 | D:12     | Reached XP level 12. HP: 54/101 MP: 12/18
 15115 | D:12     | Lost mutation: Your muscles are strong. (Str +4, Int/Dex
                  | -1) [potion of mutation]
 15115 | D:12     | Lost mutation: You passively dampen the noise of your
                  | surroundings. [potion of mutation]
 15115 | D:12     | Gained mutation: You are strong-willed. (Will+) [potion of
                  | mutation]
 15115 | D:12     | Gained mutation: You possess an exceptional clarity of
                  | mind. [potion of mutation]
 15262 | D:12     | Noticed a boulder beetle
 15279 | D:12     | Killed a boulder beetle
 15650 | D:12     | Reached skill level 11 in Long Blades
 15753 | D:12     | Found Ywkyt's Elemental Accessories.
 16168 | D:12     | Found a staircase to the Orcish Mines.
 16701 | D:13     | Noticed a centaur warrior
 16706 | D:13     | Killed a centaur warrior
 16859 | D:13     | Noticed an eight-headed hydra
 17071 | Orc:1    | Entered Level 1 of the Orcish Mines
 17387 | Orc:2    | Entered Level 2 of the Orcish Mines
 17428 | Orc:2    | Found a staircase to the Elven Halls.
 17496 | Orc:2    | Found a runed translucent door.
 17496 | Orc:2    | Noticed Bediveer's ghost (journeyman TrTm)
 17817 | Orc:2    | Found the +4 robe of Folly {Brilliance Will-∞ Int+8}
 18121 | Orc:2    | Reached skill level 12 in Long Blades
 18483 | Orc:2    | Reached XP level 13. HP: 73/111 MP: 13/19
 19078 | Orc:2    | Found Ynlycymp's Assorted Antiques.
 19078 | Orc:2    | Noticed an orc warlord
 19126 | Orc:2    | Reached skill level 13 in Long Blades
 19520 | Elf:1    | Entered Level 1 of the Elven Halls
 20987 | D:13     | Learned a level 3 spell: Lesser Beckoning
 21133 | Lair:1   | Killed Fannar
 21440 | Lair:1   | Reached skill level 10 in Fighting
 22619 | Lair:2   | Reached skill level 14 in Long Blades
 22895 | Lair:2   | Identified the +5 spear of the Dead {flame, rElec rC- rN+
                  | Dex+2}
 22996 | Lair:2   | Noticed Sonja
 23003 | Lair:2   | Killed Sonja
 23277 | Lair:2   | Found a staircase to the Swamp.
 23411 | Lair:2   | Reached skill level 5 in Dodging
 23540 | Lair:3   | Noticed Josephine
 24009 | Lair:3   | Found a hole to the Spider Nest.
 24127 | Spider:1 | Entered Level 1 of the Spider Nest
 24362 | Lair:4   | Reached XP level 14. HP: 122/122 MP: 20/22
 24428 | Lair:4   | Reached skill level 5 in Translocations
 24471 | Lair:4   | Reached skill level 5 in Armour
 24573 | Lair:4   | Found a staircase to the Slime Pits.
 25651 | Lair:3   | HP: 1/122 [electric eel/bolt of electricity (8)]
 25652 | Lair:3   | Killed from afar by an electric eel

Illustrated notes

Levels and vault maps discovered:
D:1:      lightli_arrival_chessboard, layout_loops_cross
D:2:      layout_rooms
D:3:      layout_basic, jmf_multi_god_temple, gammafunk_ghost_cemetery,
          minmay_misc_feat_more_columns, uniq_robin, uniq_sigmund
D:4:      layout_basic
D:5:      layout_cave_pools, minmay_temple_entry_gardened_gates,
          kennysheep_generic_room_16
D:6:      layout_layer_cave, uniq_duvessa, uniq_blork_the_orc
D:7:      layout_gridville, minmay_misc_feat_five
D:8:      layout_loops_corners, serial_shops, nicolae_shop_stone, minivault_24
D:9:      layout_basic
D:10:     layout_roguey, mainiacjoe_overflow_brackets,
          grunt_lair_entry_orc_guard_hut, enter_trove_1, uniq_maurice, uniq_grum
D:11:     layout_cave_pools, serial_ice, serial_ice_l, serial_ice_d,
          serial_ice_f, serial_ice_o, serial_ice_m, serial_ice_b, serial_ice_n,
          serial_ice_a, serial_ice_c, serial_ice_h,
          portal_ice_cave_entry_pillars_2
D:12:     layout_gridville, orc_0_dummy, nicolae_elemental_shop,
          introduction_to_nature_1
D:13:     layout_loops_ring, grunt_vaults_entry_fortified
D:14:     layout_layer_cave, minmay_crystal_water,
          maelrawn_ghost_gauntlet_escape
Temple:   nicolae_temple_bog_church
Lair:1:   layout_layer_cave, grunt_megastairs_3, uniq_fannar
Lair:2:   layout_regular_city, palyth_hydra_swamp_entry, wad_woods_01,
          uniq_sonja
Lair:3:   layout_cave_pods, nicolae_spider_entry_tight_spaces,
          serial_bayou_shore_a, grunt_megastairs_5, infiniplex_staircase_pool_2,
          uniq_josephine
Lair:4:   layout_cave_pods, minmay_slime_entry_jelly_boxes, lemuel_fruit_tree,
          grunt_megastairs_2
Spider:1: layout_spider_delve, drop_trap, nicolae_spider_eight_legs
Orc:1:    layout_caves
Orc:2:    hellmonk_orc_salted, layout_caves, hellmonk_ghost_happy_afterlife,
          dreamdust_deal_with_the_devil
Elf:1:    nicolae_elf_arrival_no_cutting_in_line, layout_loops_corners,
          serial_shops, shop_statue, orc_legates

Skill      XL: |  1  2  3  4  5  6  7  8  9 10 11 12 13 14 |
---------------+-------------------------------------------+-----
Armour         | 1 3 4 5 |  5.3
Long Blades    | 2 3 4 5 6 8 9 10 12 14 | 14.0
Dodging        | 2 3 4 5 |  5.6
Fighting       | 2 3 4 5 6 7 9 10 | 10.9
Throwing       | 1 2 |  2.9
Shields        | 1 2 3 4 6 7 9 10 | 10.5
Evocations     | 1 2 3 4 6 7 |  7.7
Maces & Flails | 2 |  2.4
Translocations | 4 5 |  5.3
Spellcasting   | 2 3 |  3.3
Polearms       | |  0.6

Action                   |  1- 3 |  4- 6 |  7- 9 | 10-12 | 13-15 || total
-------------------------+-------+-------+-------+-------+-------++-------
Melee: Falchion          |   166 |   156 |       |       |       ||   322
       Long sword        |       |    19 |   350 |  1120 |   154 ||  1643
       Scimitar          |       |       |       |       |   667 ||   667
       Flail             |       |       |       |       |     4 ||     4
Throw: Javelin           |     2 |     5 |    18 |       |       ||    25
       Dart              |       |       |     7 |    47 |    73 ||   127
       Boomerang         |       |       |     1 |       |       ||     1
Evoke: Wand              |       |       |     1 |     1 |     1 ||     3
  Use: Scroll            |    11 |     1 |    17 |    12 |     7 ||    48
       Potion            |     1 |     2 |     1 |     7 |     1 ||    12
 Stab: Sleeping          |       |       |       |     2 |     2 ||     4
       Distracted        |       |       |       |       |     1 ||     1
Armor: Leather armour    |    35 |       |       |       |       ||    35
       Ring mail         |    70 |    70 |   151 |   446 |    24 ||   761
       Troll leather arm |       |       |       |       |   199 ||   199
Dodge: Dodged            |    83 |    72 |   136 |   445 |   397 ||  1133
Block: Kite shield       |    65 |    96 |   246 |   896 |   627 ||  1930

Table legend: (Time is in decaauts)
 A = Elapsed time spent in this place.
 B = Non-inter-level travel time spent in this place.
 C = Inter-level travel time spent in this place.
 D = Time resting spent in this place.
 E = Time spent auto-exploring this place.
 F = Levels seen in this place.
 G = Mean time per level.
                   A        B        C        D        E       F      G
               +--------+--------+--------+--------+--------+-----+--------+
         Total |  25796 |  25758 |     38 |   6271 |   6330 |  24 | 1074.8 |
       Dungeon |  16225 |  16202 |     23 |   3853 |   3787 |  14 | 1158.9 |
        Temple |    191 |    191 |      0 |      0 |    166 |   1 |  191.0 |
          Lair |   4459 |   4455 |      4 |    270 |   1781 |   4 | 1114.8 |
   Spider Nest |      2 |      2 |      0 |      0 |      0 |   1 |    2.0 |
  Orcish Mines |   2644 |   2633 |     11 |    620 |    580 |   2 | 1322.0 |
   Elven Halls |      1 |      1 |      0 |      0 |      0 |   1 |    1.0 |
      Ice Cave |   2271 |   2271 |      0 |   1528 |     16 |   1 | 2271.0 |
               +--------+--------+--------+--------+--------+-----+--------+

Top non-repeatable levels by time:
    D:12: 2669 daAuts
   IceCv: 2271 daAuts
   Orc:2: 2033 daAuts
     D:6: 1936 daAuts
     D:3: 1618 daAuts
    D:11: 1410 daAuts
  Lair:2: 1228 daAuts
  Lair:1: 1228 daAuts
     D:7: 1184 daAuts
    D:13: 1134 daAuts
  Lair:4: 1015 daAuts
    D:10: 1010 daAuts
     D:4: 1006 daAuts
  Lair:3: 987 daAuts
     D:8: 905 daAuts
